 Dungeon Crawl Stone Soup version 0.30-a0-561-g1b0378597e (webtiles) character file.

Game seed: 15211578688421086387

23 M4edhros the Cudgeller (level 2, 0/18 HPs)
             Began as an Octopode Chaos Knight on Dec 28, 2022.
             Was a Plaything of Xom.
             Slain by a bat (1 damage)
             ... on level 2 of the Dungeon.
             The game lasted 00:00:55 (1497 turns).

M4edhros the Cudgeller (Octopode Chaos Knight)      Turns: 1497, Time: 00:00:55

Health: 0/18       AC:  1    Str:  9 (11) XL:     2   Next: 95%
Magic:  2/2        EV: 13    Int: 13 (14) God:    Xom [......]
Gold:   37         SH:  0    Dex:  9 (11) Spells: 1/1 levels left

rFire   . . .      SeeInvis .    a - +0 mace (chaos)
rCold   . . .      Faith    .    (no shield)
rNeg    . . .      Spirit   .    (helmet restricted)
rPois   .          Reflect  .    (no amulet)
rElec   .          Harm     .    (no ring)
rCorr   .          Rampage  .    (no ring)
Will    .....                    (no ring)
Stlth   ++                       (no ring)
HPRegen 0.23/turn                (no ring)
MPRegen 0.08/turn                (no ring)
                                 (no ring)
                                 (no ring)

@: no status effects
A: almost no armour, amphibious, 8 rings, camouflage 1, gelatinous body 1,
(nimble swimmer 1), tentacles, tentacle spike 1, frail 1
a: Renounce Religion


You were on level 2 of the Dungeon.
You worshipped Xom.
You were a very special plaything of Xom.
You visited 1 branch of the dungeon, and saw 2 of its levels.

You collected 37 gold pieces.

Inventory:

Hand Weapons
 a - a +0 mace of chaos (weapon)
Missiles
 h - 4 boomerangs of dispersal
Scrolls
 c - a scroll of identify {unknown}
 d - a scroll of fear {unknown}
 e - 2 scrolls of brand weapon {unknown}
 f - a scroll of teleportation {unknown}
 i - a scroll of noise {unknown}
Miscellaneous
 b - a piece from Xom's chessboard (15/15) (quivered)


   Skills:
 + Level 3.3 Fighting
 + Level 3.4 Maces & Flails
 + Level 2.7 Dodging


You had one spell level left.
You didn't know any spells.
Your spell library was empty.

Dungeon Overview and Level Annotations

Branches:
Dungeon (2/15)

Altars:

Shops:
D:1 !


Innate Abilities, Weirdness & Mutations

You cannot wear most types of armour.
You are amphibious.
You can wear up to eight rings at the same time.
Your skin changes colour to match your surroundings (Stealth+).
Your rubbery body absorbs attacks. (AC +1, EV +1)
((You are camouflaged when in or above water. (Stealth+)))
You have tentacles for arms and can constrict up to eight enemies at once.
One of your tentacles bears a spike.
You are frail. (-10% HP)


Message History

No target in view!
i - a scroll labelled FOSONO HOH ISEAZO
Found a club.
A kobold and an endoplasm come into view.
The endoplasm moves out of view.
A kobold is nearby!
A kobold is nearby!
The endoplasm jiggles.
A gnoll comes into view. It is wielding a +0 spear.
The kobold shouts!
You hear a shout!
The gnoll shouts!
The gnoll moves out of view. 2 gnolls come into view.
Found 3 boomerangs.
The gnoll shouts!
You hear a shout!
A bat comes into view.
A gnoll comes into view. It is wielding a +0 club.
The endoplasm barely misses you.
The gnoll hits you from afar with a +0 spear!
The bat moves out of view.
The gnoll shouts!
You hit the endoplasm.
You kill the endoplasm!
The gnoll hits you from afar with a +0 spear!
* * * LOW HITPOINT WARNING * * *
You are too injured to fight recklessly!
You are too injured to fight recklessly!
You are too injured to fight recklessly!
You are too injured to fight recklessly!
You are too injured to fight recklessly!
It was a potion of degeneration.
There was something very wrong with that liquid.
You feel weakened.
You feel dopey.
You feel clumsy.
Xom is amused.
The gnoll hits you from afar with a +0 spear.
* * * LOW HITPOINT WARNING * * *
A rat comes into view.
The bat hits you.
* * * LOW HITPOINT WARNING * * *
The bat hits you.
You die...

#... #...### #..#.....#
##.# .......... ....###
#### #..#...#.## #.....
#...
.##.r......######....###..)
......##)..................
........#b@# #.......#...
..... #...$## ##.......#...
......##....###...# #.##...
.......g........#.# #..†..#
......##.....#....###..####
...(K ##.......##...>.)# #.
..................###.####.
.......###........# #.###..
......##.........## #.....#


You could see a gnoll, a bat and a kobold.

Vanquished Creatures
  3 endoplasms
  A giant cockroach (D:1)
  2 goblins (D:1)
  4 hobgoblins
  3 kobolds (D:1)
  A quokka (D:1)
  3 bats (D:1)
  2 frilled lizards
  A rat (D:1)
20 creatures vanquished.

Notes
Turn   | Place    | Note
-------+----------+-------------------------------------------
     0 | D:1      | M4edhros the Octopode Chaos Knight began the quest for the
                  | Orb.
     0 | D:1      | Reached XP level 1. HP: 16/16 MP: 1/1
   113 | D:1      | XOM: divination: detect creatures
   715 | D:1      | XOM is BORED!
   715 | D:1      | XOM: noise
   776 | D:1      | Found Qituges's Distillery.
   860 | D:1      | Reached XP level 2. HP: 15/21 MP: 2/2
  1097 | D:1      | Found a faded altar of an unknown god.
  1164 | D:1      | XOM: butterfly on damage
  1282 | D:1      | XOM: noise
  1323 | D:1      | XOM: give mutations
  1323 | D:1      | Gained mutation: You are frail. (-10% HP) [Xom's mischief]
  1323 | D:1      | Gained mutation: You occasionally shout uncontrollably at
                  | your foes. [Xom's mischief]
  1323 | D:1      | Gained mutation: One of your tentacles bears a spike.
                  | [Xom's mischief]
  1323 | D:1      | Lost mutation: You occasionally shout uncontrollably at
                  | your foes. [Xom's mischief]
  1441 | D:1      | XOM is BORED!
  1441 | D:1      | XOM: noise
  1497 | D:2      | Slain by a bat

Illustrated notes

Levels and vault maps discovered:
D:1:      dpeg_arrival_fog, layout_rooms, serial_shops, shop_statue,
          shapermc_ecumenical_altar_venn
D:2:      layout_rooms, minmay_misc_feat_encased, serial_park_tiny_1

Action                   || total
-------------------------++-------
Melee: Mace              ||    36
       Constrict         ||    11
       Tentacles         ||     4
       Punch             ||     1
  Use: Potion            ||     1
 Stab: Sleeping          ||     4
Armor: Skin              ||     4
Dodge: Dodged            ||    27

Table legend: (Time is in decaauts)
 A = Elapsed time spent in this place.
 B = Non-inter-level travel time spent in this place.
 C = Inter-level travel time spent in this place.
 D = Time resting spent in this place.
 E = Time spent auto-exploring this place.
 F = Levels seen in this place.
 G = Mean time per level.
                   A        B        C        D        E       F      G
               +--------+--------+--------+--------+--------+-----+--------+
         Total |   1505 |   1479 |     26 |    813 |    499 |   2 |  752.5 |
       Dungeon |   1505 |   1479 |     26 |    813 |    499 |   2 |  752.5 |
               +--------+--------+--------+--------+--------+-----+--------+

Top non-repeatable levels by time:
     D:1: 1452 daAuts
     D:2: 52 daAuts
